 Dungeon Crawl Stone Soup version 0.21.1-1-g345015f (webtiles) character file.

45 inc the Vexing (level 3, 6/14 HPs)
             Began as a Felid Enchanter on Mar 11, 2018.
             Quit the game on level 1 of the Dungeon.
             The game lasted 00:02:03 (1175 turns).

inc the Vexing (Felid Enchanter)                    Turns: 1175, Time: 00:02:04

Health: 6/14       AC:  1    Str:  4    XL:     3   Next: 42%
Magic:  7/7        EV: 18    Int: 17    God:
Gold:   30         SH:  0    Dex: 16    Spells: 2/6 levels left
                                        Lives:  0   Deaths: 0

rFire    . . .     SeeInvis +     - Unarmed
rCold    . . .     Gourm    .   (shield unavailable)
rNeg     . . .     Faith    .   (armour unavailable)
rPois    .         Spirit   .   (helmet unavailable)
rElec    .         Reflect  .   (cloak unavailable)
rCorr    .         Harm     .   (gloves unavailable)
MR       .....                  (boots unavailable)
Stlth    +++.......             (no amulet)
HPRegen  0.04/turn              (no ring)
MPRegen  0.10/turn              (no ring)

@: quick
A: very small, no armour, no weapons or thrown items, stealth, claws 1, fangs 3,
see invisible, carnivore, speed 1, shaggy fur 1, slow metabolism 1, sharp paws
a: no special abilities


You were on level 1 of the Dungeon.
You were not hungry.

You visited 1 branch of the dungeon, and saw 2 of its levels.

You collected 30 gold pieces.

Inventory:

Scrolls
 c - a scroll of amnesia {unknown}
 d - a scroll of magic mapping {unknown}
Potions
 e - a potion of curing {unknown}
Books
 a - a book of Maledictions

   Spells                             Type                      Level
   a - Corona                         Hexes                        1
   b - Ensorcelled Hibernation        Hexes/Ice                    2
   c - Confuse                        Hexes                        3
   d - Tukima's Dance                 Hexes                        3
   e - Dazzling Spray                 Conjuration/Hexes            3
Comestibles
 b - 3 rations


   Skills:
 - Level 2.6 Dodging
 - Level 4.0 Stealth
 + Level 3.4 Unarmed Combat
 - Level 2.0 Spellcasting
 - Level 4.4 Hexes


You had 2 spell levels left.
You knew the following spells:

 Your Spells              Type           Power        Failure   Level  Hunger
a - Corona                Hex            ###....      3%          1    #......
b - Tukima's Dance        Hex            ###.....     10%         3    ###....


Dungeon Overview and Level Annotations

Branches:
Dungeon (2/15)

Altars:
Cheibriados

Annotations:
D:2 1 runed door


Innate Abilities, Weirdness & Mutations

You cannot wear armour.
You are incapable of wielding weapons or throwing items.
Your paws allow you to move quietly. (Stealth)
You have sharp claws.
You have razor-sharp teeth.
You have supernaturally acute eyesight. (SInv)
You are carnivorous and can eat meat at any time.
You cover ground quickly.
You are covered in fur. (AC +1)
You have a slow metabolism.
Your sharp claws are effective at attacking unaware monsters.


Message History

Memorise Tukima's Dance, consuming 3 spell levels and leaving 2?
You start memorising the spell.
You continue memorising. x3
You finish memorising.
Spell assigned to 'b'.
Cast which spell? (? or * to list)
Aiming: Tukima's Dance
Press: ? - help, Shift-Dir - straight line, f - you That would be overly suicidal.
Okay, then.
Unknown command.
Casting: Tukima's Dance
Confirm with . or Enter, or press ? or * to list all spells.
Aiming: Tukima's Dance
Press: ? - help, Shift-Dir - straight line, f - gnoll
Aim: a gnoll (not susceptible)
Okay, then.
Okay, then.
Casting: Tukima's Dance
Confirm with . or Enter, or press ? or * to list all spells.
Okay, then.
Are you sure you want to abandon this character and quit the game? (Confirm with "yes".)

##########.#.# #.....#
.#...g.......# #....##
.#.#######.### #...## .#.##
#.#### #######...# ....#
#....## #.........#
.#..######.###.# #.#.#####.#
...........# #.######.#.# #.#
##..######.###........#.#####.#
#..# ##.....@.............#
##..# ########......#######
....# #.###### ###.# #.# #.#
#.# #.# #.# #.# #.# #.########
#g# #...g.g..# #.#


There were no monsters in sight!

Vanquished Creatures
  A gnoll (D:2)
  An ooze (D:1)
  3 dart slugs
  A leopard gecko (D:1)
  A ball python (D:1)
  2 hobgoblins
  3 jackals (D:1)
  4 bats
  3 frilled lizards
  4 kobolds (D:1)
  3 rats (D:1)
26 creatures vanquished.

Notes
Turn   | Place    | Note
-------+----------+-------------------------------------------
     0 | D:1      | inc the Felid Enchanter began the quest for the Orb.
     0 | D:1      | Reached XP level 1. HP: 7/7 MP: 4/4
     6 | D:1      | Noticed a polar bear
     6 | D:1      | Noticed a swamp drake
     7 | D:1      | Noticed a lindwurm
    74 | D:1      | Reached XP level 2. HP: 8/11 MP: 6/6
   768 | D:2      | Reached XP level 3. HP: 14/14 MP: 7/7
   846 | D:2      | Found a runed door.
   882 | D:2      | Noticed a phantom
   900 | D:2      | Found a snail-covered altar of Cheibriados.
  1149 | D:1      | Learned a level 3 spell: Tukima's Dance
  1175 | D:1      | Quit the game

Skill      XL: |  1  2 |
---------------+-------+-----
Unarmed Combat | 2 3 |  3.4
Dodging        | |  2.6
Stealth        | |  4.0
Spellcasting   | |  2.0
Hexes          | |  4.4

Action                   || total
-------------------------++-------
Melee: Unarmed           ||    77
       Bite              ||     5
       Punch             ||     1
 Stab: Sleeping          ||    12
Armor: Skin              ||     3
Dodge: Dodged            ||    66
